 Dungeon Crawl Stone Soup version 0.26-a0-800-g517d6fe721 (webtiles) character file.

Game seed: 13753603991553598809

3419 Morbidden the Ruffian (level 9, -8/100 HPs)
             Began as a Troll Transmuter on Nov 11, 2020.
             Was an Elder of Cheibriados.
             Mangled by an orc warrior
             ... wielding a +0 hand axe
              (19 damage)
             ... on level 7 of the Dungeon.
             The game lasted 00:11:27 (6146 turns).

Morbidden the Ruffian (Troll Transmuter)            Turns: 6146, Time: 00:11:28

Health: -8/100     AC:  2    Str: 29    XL:     9   Next: 76%
Magic:  10/14      EV: 12    Int: 23    God:    Cheibriados [****..]
Gold:   188        SH:  0    Dex: 21    Spells: 8/16 levels left

rFire    . . .     SeeInvis .     - Unarmed
rCold    + + +     Faith    .   (shield currently unavailable)
rNeg     . . .     Spirit   .   (armour currently unavailable)
rPois    +         Reflect  .   (helmet currently unavailable)
rElec    .         Harm     .   (cloak currently unavailable)
rCorr    .         Rampage  .   (gloves unavailable)
MR       .....                  (boots unavailable)
Stlth    ++........             a - amulet "Lenudaaj" {rPois Regen+ Int+2 Dex+2}
HPRegen  1.06/turn              y - ring of protection from fire
MPRegen  0.14/turn              w - ring of wizardry

@: brilliant, ice-form, corroded, lightly drained, very slow
A: large, unfitting armour, regeneration 1
a: End Transformation, Bend Time, Temporal Distortion, Slouch, Renounce Religion


You were on level 7 of the Dungeon.
You worshipped Cheibriados.
Cheibriados was greatly pleased with you.
You were a creature of crystalline ice.
You visited 1 branch of the dungeon, and saw 7 of its levels.

You collected 353 gold pieces.
You spent 165 gold pieces at shops.

Inventory:

Missiles
 t - a poisoned dart (quivered)
Armour
 x - a +0 cloak (melded)
 D - a +2 robe of magic resistance (melded)
Jewellery
 a - the amulet "Lenudaaj" (around neck) {rPois Regen+ Int+2 Dex+2}
   (You found it on level 7 of the Dungeon)

   [amulet of regeneration]

   It affects your intelligence (+2).
   It affects your dexterity (+2).
   It protects you from poison.
   It increases your rate of regeneration.
 c - an uncursed ring of poison resistance
 s - an uncursed ring of flight
 w - a ring of wizardry (right front paw)
 y - a ring of protection from fire (left front paw)
 E - an uncursed ring of protection from cold
Wands
 i - a wand of enslavement (7)
 k - a wand of acid (4)
 z - a wand of paralysis (8)
Scrolls
 d - 2 scrolls of fog {unknown}
 j - 3 scrolls of teleportation
 m - a scroll of enchant weapon {unknown}
 n - a scroll of identify
 o - a scroll of random uselessness {unknown}
 r - 2 scrolls of magic mapping {unknown}
 u - 2 scrolls of fear {unknown}
 A - 4 scrolls of remove curse
 C - a scroll of noise {unknown}
 F - a scroll of enchant armour {unknown}
Potions
 b - 2 potions of lignification
 e - a potion of invisibility {unknown}
 f - a potion of curing
 g - 4 potions of brilliance
 h - a potion of ambrosia {unknown}
 l - 3 potions of heal wounds {unknown}
 p - 2 potions of might {unknown}
 q - a potion of attraction {unknown}
 v - a potion of flight {unknown}
 B - a potion of mutation {unknown}


   Skills:
 * Level 4.1(3.9) Fighting
 + Level 3.4(3.2) Dodging
 + Level 1.2(1.0) Stealth
 + Level 6.8(6.6) Unarmed Combat
 * Level 4.1(4.0) Spellcasting
 * Level 4.5(4.4) Transmutations
 - Level 3.0(2.8) Ice Magic
 * Level 3.6(3.4) Invocations


You had 8 spell levels left.
You knew the following spells:

 Your Spells              Type           Power        Failure   Level
a - Beastly Appendage     Tmut           #####.       1%          1
b - Ice Form              Ice/Tmut       ####....     10%         4
c - Spider Form           Tmut/Pois      ###.......   5%          3

Your spell library contained the following spells:

 Spells                   Type           Power        Failure   Level
 Wereblood                Tmut           #####...     1%          2
 Blade Hands              Tmut           #####.....   19%         5
 Bolt of Magma            Conj/Fire/Erth #.........   71%         5
 Iskenderun's Battlesphe  Conj           #.......     71%         5
 Iron Shot                Conj/Erth      #.........   99%         6
 Orb of Destruction       Conj           #.........   100%        7
 Spellforged Servitor     Conj/Summ      #.........   100%        7


Dungeon Overview and Level Annotations

Branches:
Dungeon (7/15)             Temple (0/1) D:7

Altars:
Ashenzari
Cheibriados
Dithmenos
Elyvilon
Fedhas
Hepliaklqana
Zin
The Shining One

Shops:
D:4 ?   D:7 *

Portals:
Abyss: D:3

Annotations:
D:3 2 transporters, Perttuleena's ghost, amateur KoBr
D:4 2 transporters, Perttuleena's ghost, novice PaCK
D:5 1 runed translucent door, Queen's ghost, novice DrFi
D:7 exclusion: hydra


Innate Abilities, Weirdness & Mutations

You are too large for most types of armour.
((You have claws for hands.))
Your natural rate of healing is unusually fast.
((You are covered in fur. (AC +1)))
((You have extremely tough skin. (AC +3)))


Message History

* * * LOW HITPOINT WARNING * * *
Unknown command.
Unknown command.
You punch the orc warrior! You freeze the orc warrior.
The orc warrior is severely wounded.
The orc warrior zaps a wand.
The bolt of acid hits you but does no damage.
The acid corrodes you!
You are splashed with acid!
* * * LOW HITPOINT WARNING * * *
Unknown command.
Unknown command.
You feel better. The orc warrior closely misses you.
Unknown command.
Unknown command.
Unknown command.
Unknown command.
It was a potion of brilliance.
You feel clever all of a sudden.
The orc warrior hits you with a +0 hand axe!!
You die...

..# ##...#...##.....####. ..#
##........# #....$###. ..#
##.#......... #.[...### ...
#######.#...#.#...##.##..#.##
... .........##.#....##
#W..##.# ..#...)...####.#.#
#D... #..
#####....#.###.#..##..) ##.
##)........Z... ##.: #..
######.†....Yo...# ..[ ##.
............####.# o.. #..
......>.....#..#. #.#
######........... .##
#...#.#..... .# .
#..#.#.#..## ## #..#.#.#.#.#
#.(. #.>.#..# #.... #.#.#..


You could see an orc warrior and a howler monkey zombie.

Vanquished Creatures
  A wyvern (D:7)
  Sigmund (D:6)
  Eustachio (D:4)
  Duvessa (D:7)
  2 sky beasts
  A black bear (D:7)
  4 phantoms
  2 orc warriors (D:7)
  2 ice beasts
  2 ogres (D:7)
  3 bullfrogs
  Dowan (D:7)
  5 scorpions
  8 wights
  2 howler monkeys (D:5)
  8 hounds
  A jelly (D:5)
  An orc priest (D:7)
  2 bullfrog skeletons
  A gnoll shaman (D:5)
  6 orc wizards
  A worker ant (D:5)
  A hound skeleton (D:7)
  A worker ant zombie (D:6)
  7 adders
  5 gnolls (D:5)
  A shadow imp (D:5)
  A white imp (D:7)
  An ooze (D:4)
  A worm (D:2)
  3 dart slugs
  6 leopard geckos
  15 orcs
  8 bats
  4 giant cockroaches
  6 goblins
  5 hobgoblins
  11 jackals
  9 kobolds
  8 quokkas
  3 ball pythons
  A frilled lizard (D:2)
  2 quokka skeletons
  5 rats
160 creatures vanquished.

Notes
Turn   | Place    | Note
-------+----------+-------------------------------------------
     0 | D:1      | Morbidden the Troll Transmuter began the quest for the Orb.
     0 | D:1      | Reached XP level 1. HP: 18/18 MP: 1/1
   169 | D:1      | Reached XP level 2. HP: 26/26 MP: 0/3
   213 | D:1      | Reached skill level 1 in Fighting
   742 | D:1      | Reached XP level 3. HP: 33/33 MP: 4/4
  1794 | D:3      | Reached XP level 4. HP: 41/41 MP: 3/5
  1828 | D:3      | Found a glowing golden altar of the Shining One.
  1840 | D:3      | Found a snail-covered altar of Cheibriados.
  1867 | D:3      | Became a worshipper of Cheibriados the Contemplative
  1882 | D:3      | Reached XP level 5. HP: 48/48 MP: 4/6
  1901 | D:3      | Reached skill level 4 in Unarmed Combat
  1917 | D:3      | Found a glowing silver altar of Zin.
  1954 | D:3      | Found a faded altar of an unknown god.
  2018 | D:3      | Found a hazy altar of Hepliaklqana.
  2310 | D:3      | Noticed a small abomination
  2337 | D:3      | Noticed Perttuleena's ghost (amateur KoBr)
  2340 | D:3      | Noticed a small abomination
  2340 | D:3      | Noticed a small abomination
  2348 | D:3      | Found a transporter.
  2392 | D:4      | Noticed a phantom
  2409 | D:4      | Reached XP level 6. HP: 57/57 MP: 6/8
  2415 | D:4      | Learned a level 4 spell: Ice Form
  2469 | D:4      | Reached skill level 1 in Invocations
  2568 | D:3      | Reached * piety under Cheibriados
  2621 | D:3      | Found a transporter.
  2630 | D:3      | Found a one-way gate to the infinite horrors of the Abyss.
  2763 | D:4      | Found a transporter.
  2763 | D:4      | Noticed Perttuleena's ghost (novice PaCK)
  2849 | D:4      | Found a transporter.
  2853 | D:4      | Noticed Eustachio
  2865 | D:4      | Killed Eustachio
  2865 | D:4      | Reached XP level 7. HP: 43/66 MP: 9/9
  2991 | D:4      | Found Burroefa's Magic Scroll Shop.
  3006 | D:4      | Bought a scroll of teleportation for 30 gold pieces
  3006 | D:4      | Bought a scroll of teleportation for 30 gold pieces
  3017 | D:4      | Found a broken altar of Ashenzari.
  3325 | D:4      | Reached skill level 1 in Ice Magic
  3345 | D:4      | Found a white marble altar of Elyvilon.
  3419 | D:5      | Entered Level 5 of the Dungeon
  3420 | D:5      | Found a runed translucent door.
  3422 | D:5      | Noticed Queen's ghost (novice DrFi)
  3474 | D:5      | Reached skill level 5 in Unarmed Combat
  3476 | D:5      | Reached ** piety under Cheibriados
  3688 | D:5      | Found a blossoming altar of Fedhas.
  3813 | D:5      | Reached XP level 8. HP: 67/75 MP: 8/10
  4644 | D:6      | Reached skill level 6 in Unarmed Combat
  4662 | D:6      | Noticed Sigmund
  4672 | D:6      | Killed Sigmund
  4672 | D:6      | Reached *** piety under Cheibriados
  4728 | D:6      | Learned a level 3 spell: Spider Form
  4736 | D:6      | Reached XP level 9. HP: 72/83 MP: 10/12
  4808 | D:6      | Reached skill level 1 in Stealth
  5420 | D:7      | Got a translucent garnet amulet
  5474 | D:7      | Identified the amulet "Lenudaaj" {rPois Regen+ Int+2 Dex+2}
                  | (You found it on level 7 of the Dungeon)
  5510 | D:7      | Noticed a six-headed hydra
  5796 | D:7      | Found a shadowy altar of Dithmenos.
  5945 | D:7      | Found Ybynk's Assorted Antiques.
  5949 | D:7      | Bought a translucent pewter ring for 105 gold pieces
  5949 | D:7      | Identified the ring of Manahorgh {*Tele +Inv} (You bought
                  | it in a shop on level 7 of the Dungeon)
  5962 | D:7      | Found a shadowy altar of Dithmenos.
  5979 | D:7      | Reached **** piety under Cheibriados
  6100 | D:7      | Noticed Duvessa
  6105 | D:7      | Noticed Dowan
  6116 | D:7      | Killed Duvessa
  6120 | D:7      | Killed Dowan
  6125 | D:7      | Found a staircase to the Ecumenical Temple.
  6144 | D:7      | HP: 2/100 [acid (7)]
  6146 | D:7      | Mangled by an orc warrior

Illustrated notes

Levels and vault maps discovered:
D:1:      dpeg_arrival_windows_large_door, layout_basic
D:2:      minmay_alternating_diamond, layout_loops_ring,
          kennysheep_generic_room_4
D:3:      layout_basic, zin_scriptorium, nicolae_overflow_hidden_temple,
          lemuel_crystal_altar, cheibriados_altar_1,
          chequers_ecumenical_altar_twisty, gammafunk_ghost_abyssal_escape
D:4:      layout_cave_pools, lemuel_coloured_pillars_altar,
          kennysheep_little_box, gammafunk_ghost_mausoleum, serial_shops,
          nicolae_shop_statue_plus, uniq_eustachio
D:5:      minmay_evil_eye, layout_loops_ring, basic_altar, ebering_ghost_sewer_d
D:6:      layout_rooms, small_statue_intersection, grunt_ministairs_2,
          uniq_sigmund
D:7:      minmay_the_grid_octo_triangle [minmay_the_grid_octo_concentric,
          minmay_the_grid_octo_prize_ultimate_mussel_roller,
          minmay_the_grid_octo_checkerflower], layout_layer_cave,
          nicolae_dithmenos_through_a_glass_darkly, minmay_temple_entry_grid,
          serial_shops, shop, basic_altar, grunt_ogre_cave, uniq_duvessa

Skill      XL: |  1  2  3  4  5  6  7  8  9 |
---------------+----------------------------+-----
Fighting       | 1 2 3 4 |  4.1
Dodging        | 2 3 |  3.4
Transmutations | 2 3 4 |  4.5
Unarmed Combat | 4 5 6 |  6.8
Spellcasting   | 2 3 4 |  4.1
Invocations    | 1 2 3 |  3.6
Ice Magic      | 1 2 3 |  3.0
Stealth        | 1 |  1.2

Action                   |  1- 3 |  4- 6 |  7- 9 || total
-------------------------+-------+-------+-------++-------
Melee: Unarmed           |   123 |   119 |   230 ||   472
       Headbutt          |     5 |    15 |    21 ||    41
       Kick              |     9 |    14 |    36 ||    59
       Punch             |     1 |     1 |     3 ||     5
Throw: Dart              |       |       |     2 ||     2
 Cast: Beastly Appendage |    16 |    18 |    29 ||    63
       Ice Form          |       |       |     9 ||     9
Evoke: Wand              |       |     2 |     1 ||     3
  Use: Scroll            |       |     3 |     6 ||     9
       Potion            |       |       |     4 ||     4
 Stab: Sleeping          |       |       |     1 ||     1
Armor: Robe              |    43 |    46 |    58 ||   147
       Skin              |       |       |    12 ||    12
Dodge: Dodged            |    68 |    80 |   122 ||   270

Table legend: (Time is in decaauts)
 A = Elapsed time spent in this place.
 B = Non-inter-level travel time spent in this place.
 C = Inter-level travel time spent in this place.
 D = Time resting spent in this place.
 E = Time spent auto-exploring this place.
 F = Levels seen in this place.
 G = Mean time per level.
                   A        B        C        D        E       F      G
               +--------+--------+--------+--------+--------+-----+--------+
         Total |   7312 |   7049 |    263 |    601 |   5150 |   7 | 1044.6 |
       Dungeon |   7312 |   7049 |    263 |    601 |   5150 |   7 | 1044.6 |
               +--------+--------+--------+--------+--------+-----+--------+

Top non-repeatable levels by time:
     D:5: 1456 daAuts
     D:7: 1315 daAuts
     D:1: 1045 daAuts
     D:4: 1024 daAuts
     D:3: 1014 daAuts
     D:6: 732 daAuts
     D:2: 724 daAuts
